 Dungeon Crawl Stone Soup version 0.18-a0-1160-geb89fc2 (webtiles) character file.

7 Duffy the Shield-Bearer (level 2, 0/24 HPs)
             Began as a Formicid Fighter on Jan 24, 2016.
             Succumbed to an adder's poison
             ... on level 1 of the Dungeon.
             The game lasted 00:00:14 (181 turns).

Duffy the Shield-Bearer (Formicid Fighter)           Turns: 181, Time: 00:00:14

Health: 0/24       AC:  6    Str: 20    XL:     2   Next: 10%
Magic:  2/2        EV:  7    Int:  7    God:
Gold:   0          SH:  9    Dex: 10    Spells: 0 memorised, 1 level left

rFire  . . .     SeeInvis +     a - +0 war axe
rCold  . . .     Gourm    .     b - +0 scale mail
rNeg   . . .     Faith    .     c - +0 shield
rPois  .         Spirit   .     (helmet unavailable)
rElec  .         Dismiss  .     (no cloak)
rCorr  .         Reflect  .     (no gloves)
SustAt .         Harm     .     (no boots)
MR     .....                    (no amulet)
Stlth  ..........               (no ring)
                                (no ring)

@: lethally poisoned (0 -> -3), not resistant to hostile enchantments, extremely
unstealthy
A: permanent stasis, dig shafts and tunnels, four strong arms, antennae 3
a: Dig, Shaft Self


You were on level 1 of the Dungeon.
You were not hungry.

You visited 1 branch of the dungeon, and saw 1 of its levels.


Innate Abilities, Weirdness & Mutations

You are under a permanent stasis effect.
You can dig through walls and to a lower floor.
Your four strong arms can wield two-handed weapons with a shield.
You have a pair of large antennae on your head (SInv).


   Skills:
 - Level 3.2 Fighting
 + Level 2.4 Axes
 - Level 3.2 Armour
 + Level 3.9 Shields


You had one spell level left.
You didn't know any spells.

Inventory:

Hand Weapons
 a - a +0 war axe (weapon)
Armour
 b - a +0 scale mail (worn)
 c - a +0 shield (worn)
Scrolls
 g - a scroll of remove curse {unknown}
Potions
 d - a potion of might
 e - a potion of curing {unknown}
Comestibles
 f - a bread ration

Dungeon Overview and Level Annotations

Branches:
Dungeon (1/15)

Altars:


Message History

You are too injured to fight recklessly!
You are too injured to fight recklessly!
You are too injured to fight recklessly!
You are too injured to fight recklessly!
You are too injured to fight recklessly!
You are too injured to fight recklessly!
You are too injured to fight recklessly!
You are too injured to fight recklessly!
You are too injured to fight recklessly!
You are too injured to fight recklessly!
You are too injured to fight recklessly!
You are too injured to fight recklessly!
You are too injured to fight recklessly!
You are too injured to fight recklessly!
You are too injured to fight recklessly!
You are too injured to fight recklessly!
You are too injured to fight recklessly!
You closely miss the adder.
You feel sick. The adder barely misses you. You block the adder's attack.
You closely miss the adder.
You feel sick. The adder barely misses you.
The adder bites you but does no damage.
You closely miss the adder. The adder bites you.
The adder bites you but does no damage.
You closely miss the adder.
You feel sick. The adder bites you but does no damage. The adder bites you.
You miss the adder. The adder bites you.
Your shield and scale mail prevent you from hitting the adder.
You feel sick. The adder barely misses you.
The adder bites you but does no damage.
You slash the adder!
The adder is severely wounded.
You block the adder's attack. The adder barely misses you.
You hit the adder but do no damage.
The adder is severely wounded.
You die...

...# #..# ## ####
....###..#.. ##..###
#.......#.########.##.##
................#.#.###
#.#..#..# #...##.#.##..#
.
.......#+#...##..####..
....###........%##.##
### ......').@..(>(%...#
#######...S..)%#######
........>.)........
####.......########
.........# ####......#
........# .#......#
#.......


You could see an adder.

Action                   || total
-------------------------++-------
Melee: War axe           ||    41

Notes
Turn   | Place    | Note
--------------------------------------------------------------
     0 | D:1      | Duffy the Formicid Fighter began the quest for the Orb.
     0 | D:1      | Reached XP level 1. HP: 18/18 MP: 1/1
    70 | D:1      | Reached XP level 2. HP: 16/24 MP: 2/2
   181 | D:1      | Succumbed to an adder's poison

Vault maps used:
D:1:      dpeg_arrival_signposts, minivault_27

Vanquished Creatures
  2 goblins
  A hobgoblin
  A ball python
  A giant newt
  2 kobolds
  A rat
8 creatures vanquished.
